 Dungeon Crawl Stone Soup version 0.25-a0-829-g4e6a552 (webtiles) character file.

Game seed: 7569336140373233462, levelgen mode: deterministic

87 Faca the Slasher (level 4, -1/40 HPs)
             Began as a Draconian Gladiator on Apr 21, 2020.
             Slain by Grinder (6 damage)
             ... on level 3 of the Dungeon.
             The game lasted 00:02:06 (1465 turns).

Faca the Slasher (Draconian Gladiator)              Turns: 1465, Time: 00:02:07

Health: -1/40      AC:  5    Str: 18    XL:     4   Next: 28%
Magic:  4/4        EV: 13    Int:  8    God:
Gold:   146        SH:  0    Dex: 12    Spells: 3/3 levels left

rFire    . . .     SeeInvis .   a - +0 long sword
rCold    . . .     Gourm    .   (no shield)
rNeg     . . .     Faith    .   (armour unavailable)
rPois    .         Spirit   .   b - +0 hat
rElec    .         Reflect  .   (no cloak)
rCorr    .         Harm     .   (no gloves)
MR       .....                  (no boots)
Stlth    +.........             (no amulet)
HPRegen  0.13/turn              (no ring)
MPRegen  0.09/turn              (no ring)

@: no status effects
A: unfitting armour, cold-blooded, AC +5
a: no special abilities


You were on level 3 of the Dungeon.
You were not hungry.

You visited 1 branch of the dungeon, and saw 3 of its levels.

You collected 146 gold pieces.

Inventory:

Hand Weapons
 a - a +0 long sword (weapon)
Armour
 b - a +0 hat (worn)
Potions
 e - a potion of might {unknown}
 f - a potion of mutation {unknown}
 g - a potion of flight {unknown}
Comestibles
 d - 5 rations


   Skills:
 + Level 3.9 Fighting
 + Level 4.2 Long Blades
 - Level 1.7 Throwing
 - Level 2.6 Dodging


You had 3 spell levels left.
You didn't know any spells.
Your spell library was empty.

Dungeon Overview and Level Annotations

Branches:
Dungeon (3/15)

Altars:
Fedhas

Annotations:
D:3 Grinder


Innate Abilities, Weirdness & Mutations

Your plain brown scales are hard. (AC +5)
You cannot fit into any form of body armour.
You are cold-blooded and may be slowed by cold attacks.


Message History

Throwing (i - inventory)
c - a throwing net (quivered)
Press: ? - help, Shift-Dir - straight line, f/p - Grinder
Aim: Grinder (lightly wounded)
You throw a throwing net.
The throwing net closely misses Grinder.
You hit Grinder but do no damage.
Grinder is lightly wounded.
Grinder hits you but does no damage. Grinder barely misses you.
You riposte.
You closely miss Grinder. You tail-slap Grinder.
Grinder is moderately wounded.
You hit Grinder.
Your tail-slap misses Grinder.
Grinder is moderately wounded.
Grinder hits you.
* * * LOW HITPOINT WARNING * * *
You slash Grinder!
Grinder is heavily wounded.
Grinder hits you.
* * * LOW HITPOINT WARNING * * *
You writhe in agony.
You die...

##.###### #..# #.##
# #.# .. #.########
.# #........# ..
#..#####.# .#
#....###.#####.##...
##.#........@5.....(
#.#####.#####.###.#
#.......# #
#########


You could see Grinder.

Vanquished Creatures
  Terence (D:2)
  A gnoll (D:3)
  An adder (D:2)
  An adder skeleton (D:2)
  A worm (D:2)
  3 dart slugs
  6 bats
  3 giant cockroaches (D:2)
  A hobgoblin (D:2)
  2 quokkas (D:2)
  A ball python (D:1)
  5 frilled lizards
  3 goblins
  A kobold (D:2)
  4 rats
34 creatures vanquished.

Notes
Turn   | Place    | Note
-------+----------+-------------------------------------------
     0 | D:1      | Faca the Draconian Gladiator began the quest for the Orb.
     0 | D:1      | Reached XP level 1. HP: 17/17 MP: 1/1
   296 | D:1      | Reached XP level 2. HP: 22/25 MP: 2/2
   753 | D:2      | Found a blossoming altar of Fedhas.
   872 | D:2      | Reached XP level 3. HP: 28/31 MP: 3/3
  1185 | D:2      | Noticed Terence
  1194 | D:2      | Killed Terence
  1194 | D:2      | Reached skill level 4 in Long Blades
  1194 | D:2      | Reached XP level 4. HP: 35/40 MP: 4/4
  1445 | D:3      | Noticed Grinder
  1454 | D:3      | Paralysed by Grinder for 3 turns
  1465 | D:3      | Slain by Grinder

Levels and vault maps discovered:
D:1:      tarquinn_simple_flora_water_f, layout_loops_cross
D:2:      layout_loops_ring, fedhas_altar_fruit_tree, uniq_terence
D:3:      layout_loops_corners, uniq_grinder

Skill      XL: |  1  2  3 |
---------------+----------+-----
Fighting       | 3 |  3.9
Long Blades    | 4 |  4.2
Throwing       | |  1.7
Dodging        | |  2.6

Action                   |  1- 3 |  4- 6 || total
-------------------------+-------+-------++-------
Melee: Long sword        |    86 |    22 ||   108
       Tailslap          |    12 |     4 ||    16
Throw: Throwing net      |       |     3 ||     3
  Use: Scroll            |     2 |     1 ||     3
 Stab: Sleeping          |     2 |       ||     2
  Eat: Chunk             |     1 |     1 ||     2
Armor: Skin              |    29 |     5 ||    34
Dodge: Dodged            |    56 |    12 ||    68
       Rpst.: Long sword |    19 |     4 ||    23

Table legend:
 A = Non-vault XP
 B = Vault XP
 C = Vault XP percentage of total XP
 D = Non-vault monster count
 E = Vault monster count
 F = Vault count percentage of total count
                 A         B        C        D         E       F
            +---------+---------+-------+---------+---------+-------
      Total |      89 |      36 |  28.8 |      33 |       1 |   2.9
            +---------+---------+-------+---------+---------+-------
        D:1 |      20 |       0 |   0.0 |      11 |       0 |   0.0
        D:2 |      54 |      36 |  40.0 |      21 |       1 |   4.5
        D:3 |      15 |       0 |   0.0 |       1 |       0 |   0.0
            +---------+---------+-------+---------+---------+-------
